[ AOE2 MATCH · #465859512 ]
UnrankedDravidians vs Ethiopians
Player's team · LOSS
[ REPLAY ANALYSIS · EXTRACTED FROM THE RECORDED GAME ]
Feudal
11:21
Castle
15:03
Imperial
27:30
| APM avg | 34.6 |
| APM peak | 88 |
| eAPM avg | 21.0 |
| Villagers / military | 148 / 97 |
Focus
⚔️ 23.5% · 🌾 76.5%
Elephant Archer ×86 · Trade Cart ×18 · Bombard Cannon ×11
Feudal
10:44
Castle
14:17
Imperial
28:26
| APM avg | 27.6 |
| APM peak | 65 |
| eAPM avg | 21.5 |
| Villagers / military | 153 / 324 |
Focus
⚔️ 48.7% · 🌾 51.3%
Skirmisher ×194 · Spearman ×55 · Archer ×49 · Mangonel ×16 · Trebuchet (Packed) ×6 · Bombard Cannon ×3
Feudal
11:00
Castle
15:50
Imperial
29:12
| APM avg | 23.8 |
| APM peak | 52 |
| eAPM avg | 16.8 |
| Villagers / military | 152 / 216 |
Focus
⚔️ 27.3% · 🌾 72.7%
Fire Lancer ×101 · Spearman ×85 · Bombard Cannon ×13 · Unknown (1908) ×10 · Iron Pagoda ×8 · Monk ×5
Feudal
8:05
Castle
22:30
Imperial
35:01
| APM avg | 32.0 |
| APM peak | 56 |
| eAPM avg | 22.1 |
| Villagers / military | 166 / 11 |
Focus
⚔️ 32.0% · 🌾 68.0%
Unknown (2550) ×125 · Mangonel ×7 · Trebuchet (Packed) ×3 · Monk ×1
Feudal
10:57
Castle
14:31
Imperial
28:41
| APM avg | 36.0 |
| APM peak | 72 |
| eAPM avg | 24.7 |
| Villagers / military | 164 / 235 |
Focus
⚔️ 38.8% · 🌾 61.2%
Ghulam ×139 · Camel Scout ×57 · Skirmisher ×23 · Petard ×12 · Trebuchet (Packed) ×4 · Trade Cart ×3
Feudal
11:14
Castle
14:54
Imperial
29:13
| APM avg | 33.6 |
| APM peak | 77 |
| eAPM avg | 18.4 |
| Villagers / military | 137 / 3 |
Focus
⚔️ 24.1% · 🌾 75.9%
Unknown (1944) ×150 · Unknown (1942) ×14 · Unknown (1949) ×3 · Monk ×2 · Scorpion ×1
Feudal
11:37
Castle
25:10
Imperial
39:36
| APM avg | 31.8 |
| APM peak | 136 |
| eAPM avg | 22.8 |
| Villagers / military | 137 / 8 |
Focus
⚔️ 26.4% · 🌾 73.6%
Steppe Lancer ×4 · Keshik ×2 · Mangonel ×1 · Battering Ram ×1
Feudal
12:10
Castle
15:40
Imperial
26:56
| APM avg | 45.2 |
| APM peak | 87 |
| eAPM avg | 24.7 |
| Villagers / military | 140 / 131 |
Focus
⚔️ 38.5% · 🌾 61.5%
Spearman ×57 · Hand Cannoneer ×42 · Fire Lancer ×13 · Bombard Cannon ×9 · Scout Cavalry ×8 · Battering Ram ×2
Match map
Initial resources + every placement click. Lines = walls · curves = elevation contours. ◆ gold · ⬟ stone · ● berries · ✦ relic · ◌ wall gap
Inputs per minute
— IAmCharlieKirk67DiddyFan - - pro_backseatgamer
Build order — IAmCharlieKirk67DiddyFan
First 150 of 454 actions detected
| 0:00 | Create | Villager (Male) |
| 0:02 | Build | House |
| 0:03 | Build | House |
| 0:09 | Create | Villager (Male) |
| 0:09 | Create | Villager (Male) |
| 0:13 | Create | Villager (Male) |
| 1:23 | Create | Villager (Male) |
| 1:44 | Build | Lumber Camp |
| 1:57 | Create | Villager (Male) |
| 1:57 | Create | Villager (Male) |
| 2:12 | Create | Villager (Male) |
| 2:46 | Create | Villager (Male) |
| 2:59 | Create | Villager (Male) |
| 2:59 | Create | Villager (Male) |
| 3:02 | Build | House |
| 3:33 | Create | Villager (Male) |
| 3:33 | Create | Villager (Male) |
| 3:50 | Create | Villager (Male) |
| 4:16 | Build | Mill |
| 4:24 | Create | Villager (Male) |
| 4:27 | Create | Villager (Male) |
| 5:02 | Create | Villager (Male) |
| 5:02 | Create | Villager (Male) |
| 5:32 | Create | Villager (Male) |
| 5:43 | Create | Villager (Male) |
| 5:54 | Build | House |
| 5:56 | Create | Villager (Male) |
| 6:20 | Build | Mill |
| 6:53 | Create | Villager (Male) |
| 7:16 | Build | House |
| 7:22 | Build | Farm |
| 7:29 | Create | Villager (Male) |
| 7:35 | Build | Lumber Camp |
| 8:02 | Create | Villager (Male) |
| 8:26 | Create | Villager (Male) |
| 8:49 | Build | Mining Camp |
| 8:52 | Research | Feudal Age |
| 9:48 | Build | House |
| 9:51 | Create | Villager (Male) |
| 9:51 | Create | Villager (Male) |
| 10:06 | Build | Farm |
| 10:09 | Build | Farm |
| 10:22 | Create | Villager (Male) |
| 10:22 | Create | Villager (Male) |
| 11:21 | Age | Feudal Age |
| 11:30 | Build | Market |
| 11:32 | Build | Blacksmith |
| 11:38 | Research | Double-Bit Axe |
| 12:23 | Research | Castle Age |
| 13:11 | Research | Horse Collar |
| 13:12 | Build | Farm |
| 13:14 | Build | Farm |
| 13:51 | Build | Farm |
| 14:13 | Create | Villager (Male) |
| 14:14 | Create | Villager (Male) |
| 14:41 | Build | House |
| 14:43 | Build | House |
| 15:03 | Age | Castle Age |
| 15:05 | Research | Bow Saw |
| 15:06 | Build | Town Center |
| 15:09 | Build | Town Center |
| 15:22 | Create | Villager (Male) |
| 15:51 | Create | Villager (Male) |
| 15:56 | Build | Farm |
| 16:18 | Create | Villager (Male) |
| 16:21 | Build | Farm |
| 16:29 | Build | Farm |
| 16:29 | Build | Farm |
| 16:29 | Build | Farm |
| 16:29 | Build | Farm |
| 16:41 | Create | Villager (Male) |
| 16:47 | Build | Town Center |
| 16:48 | Create | Villager (Male) |
| 16:51 | Build | Farm |
| 16:53 | Create | Villager (Male) |
| 16:55 | Build | Farm |
| 16:59 | Build | Farm |
| 16:59 | Create | Villager (Male) |
| 17:01 | Create | Villager (Male) |
| 17:04 | Build | Farm |
| 17:08 | Build | Farm |
| 17:08 | Create | Villager (Male) |
| 17:11 | Build | Farm |
| 17:16 | Build | Farm |
| 17:18 | Build | Farm |
| 17:26 | Create | Villager (Male) |
| 17:27 | Build | Farm |
| 17:33 | Create | Villager (Male) |
| 17:42 | Create | Villager (Male) |
| 17:44 | Build | Farm |
| 17:46 | Build | Farm |
| 17:48 | Build | Farm |
| 17:52 | Build | Farm |
| 17:53 | Create | Villager (Male) |
| 17:56 | Build | Farm |
| 18:07 | Create | Villager (Male) |
| 18:15 | Create | Villager (Male) |
| 18:17 | Create | Villager (Male) |
| 18:19 | Build | Farm |
| 18:20 | Create | Villager (Male) |
| 18:26 | Build | Farm |
| 18:35 | Create | Villager (Male) |
| 18:44 | Create | Villager (Male) |
| 18:44 | Create | Villager (Male) |
| 18:48 | Build | Farm |
| 18:49 | Create | Villager (Male) |
| 18:53 | Build | Farm |
| 18:54 | Create | Villager (Male) |
| 19:03 | Create | Villager (Male) |
| 19:08 | Build | Farm |
| 19:10 | Build | Farm |
| 19:12 | Build | Farm |
| 19:13 | Create | Villager (Male) |
| 19:15 | Create | Villager (Male) |
| 19:19 | Research | Wheelbarrow |
| 19:26 | Build | House |
| 19:27 | Build | House |
| 19:28 | Build | House |
| 19:31 | Create | Villager (Male) |
| 19:34 | Build | House |
| 19:36 | Create | Villager (Male) |
| 19:36 | Create | Villager (Male) |
| 19:38 | Create | Villager (Male) |
| 19:38 | Create | Villager (Male) |
| 19:43 | Build | Farm |
| 19:44 | Create | Villager (Male) |
| 19:52 | Create | Villager (Male) |
| 19:53 | Create | Villager (Male) |
| 20:00 | Build | Farm |
| 20:01 | Create | Villager (Male) |
| 20:03 | Build | Farm |
| 20:04 | Create | Villager (Male) |
| 20:08 | Create | Villager (Male) |
| 20:12 | Build | Farm |
| 20:13 | Create | Villager (Male) |
| 20:17 | Create | Villager (Male) |
| 20:17 | Create | Villager (Male) |
| 20:25 | Build | Farm |
| 20:32 | Research | Heavy Plow |
| 20:35 | Create | Villager (Male) |
| 20:38 | Build | House |
| 20:39 | Build | House |
| 20:41 | Build | House |
| 20:42 | Create | Villager (Male) |
| 20:50 | Create | Villager (Male) |
| 20:56 | Create | Villager (Male) |
| 21:03 | Build | Farm |
| 21:04 | Create | Villager (Male) |
| 21:13 | Create | Villager (Male) |
| 21:14 | Create | Villager (Male) |
Build order — pro_backseatgamer
First 150 of 687 actions detected
| 0:03 | Create | Villager (Male) |
| 0:04 | Build | House |
| 0:06 | Build | House |
| 0:16 | Create | Villager (Male) |
| 0:17 | Create | Villager (Male) |
| 0:45 | Create | Villager (Male) |
| 1:29 | Create | Villager (Male) |
| 1:53 | Build | Lumber Camp |
| 2:04 | Create | Villager (Male) |
| 2:27 | Create | Villager (Male) |
| 2:59 | Create | Villager (Male) |
| 3:07 | Create | Villager (Male) |
| 3:44 | Create | Villager (Male) |
| 3:59 | Build | House |
| 4:03 | Build | House |
| 4:07 | Build | Mill |
| 4:14 | Create | Villager (Male) |
| 4:14 | Create | Villager (Male) |
| 4:43 | Create | Villager (Male) |
| 4:43 | Create | Villager (Male) |
| 5:01 | Create | Villager (Male) |
| 5:24 | Create | Villager (Male) |
| 5:24 | Create | Villager (Male) |
| 5:52 | Create | Villager (Male) |
| 5:58 | Create | Villager (Male) |
| 6:03 | Create | Villager (Male) |
| 6:15 | Create | Villager (Male) |
| 6:37 | Build | Farm |
| 6:45 | Build | Farm |
| 7:18 | Create | Villager (Male) |
| 7:43 | Create | Villager (Male) |
| 8:10 | Build | Mill |
| 8:34 | Research | Feudal Age |
| 9:25 | Build | Farm |
| 9:33 | Build | Farm |
| 9:42 | Build | House |
| 10:35 | Build | Farm |
| 10:44 | Age | Feudal Age |
| 10:47 | Create | Villager (Male) |
| 10:48 | Create | Villager (Male) |
| 10:51 | Build | Market |
| 10:58 | Build | Blacksmith |
| 11:33 | Research | Castle Age |
| 12:03 | Research | Double-Bit Axe |
| 12:07 | Research | Horse Collar |
| 13:30 | Build | House |
| 13:48 | Create | Villager (Male) |
| 14:17 | Age | Castle Age |
| 14:21 | Build | Town Center |
| 14:27 | Build | Town Center |
| 14:40 | Create | Villager (Male) |
| 14:50 | Build | Town Center |
| 14:54 | Create | Villager (Male) |
| 15:01 | Build | Farm |
| 15:19 | Research | Bow Saw |
| 15:32 | Create | Villager (Male) |
| 15:39 | Build | Farm |
| 15:42 | Create | Villager (Male) |
| 15:53 | Build | House |
| 15:54 | Create | Villager (Male) |
| 15:56 | Build | Farm |
| 16:02 | Create | Villager (Male) |
| 16:13 | Create | Villager (Male) |
| 16:16 | Build | Farm |
| 16:19 | Create | Villager (Male) |
| 16:19 | Create | Villager (Male) |
| 16:20 | Create | Villager (Male) |
| 16:24 | Build | House |
| 16:35 | Build | Farm |
| 16:43 | Create | Villager (Male) |
| 16:45 | Build | Farm |
| 16:49 | Build | Farm |
| 16:55 | Build | Farm |
| 16:56 | Create | Villager (Male) |
| 17:05 | Build | Farm |
| 17:13 | Build | Farm |
| 17:15 | Build | House |
| 17:18 | Build | House |
| 17:19 | Create | Villager (Male) |
| 17:19 | Create | Villager (Male) |
| 17:23 | Build | Farm |
| 17:31 | Build | Farm |
| 17:35 | Build | Farm |
| 17:38 | Create | Villager (Male) |
| 17:42 | Build | Farm |
| 17:50 | Build | Farm |
| 17:50 | Create | Villager (Male) |
| 17:51 | Create | Villager (Male) |
| 17:55 | Create | Villager (Male) |
| 17:57 | Build | Farm |
| 18:07 | Build | Farm |
| 18:07 | Create | Villager (Male) |
| 18:07 | Create | Villager (Male) |
| 18:11 | Build | Farm |
| 18:21 | Build | Farm |
| 18:22 | Create | Villager (Male) |
| 18:29 | Create | Villager (Male) |
| 18:29 | Create | Villager (Male) |
| 18:33 | Build | House |
| 18:34 | Build | Farm |
| 18:37 | Create | Villager (Male) |
| 18:46 | Build | Farm |
| 18:46 | Create | Villager (Male) |
| 18:47 | Create | Villager (Male) |
| 18:51 | Build | Farm |
| 18:52 | Create | Villager (Male) |
| 18:52 | Create | Villager (Male) |
| 18:57 | Build | Farm |
| 18:58 | Create | Villager (Male) |
| 18:58 | Create | Villager (Male) |
| 19:03 | Build | House |
| 19:04 | Build | House |
| 19:06 | Build | House |
| 19:07 | Build | House |
| 19:10 | Build | House |
| 19:12 | Create | Villager (Male) |
| 19:13 | Create | Villager (Male) |
| 19:13 | Create | Villager (Male) |
| 19:16 | Create | Villager (Male) |
| 19:19 | Create | Villager (Male) |
| 19:20 | Create | Villager (Male) |
| 19:24 | Build | Farm |
| 19:26 | Build | Farm |
| 19:30 | Build | Farm |
| 19:31 | Create | Villager (Male) |
| 19:31 | Create | Villager (Male) |
| 19:41 | Build | Farm |
| 19:46 | Build | Farm |
| 19:51 | Create | Villager (Male) |
| 19:51 | Create | Villager (Male) |
| 19:52 | Create | Villager (Male) |
| 19:52 | Create | Villager (Male) |
| 19:54 | Create | Villager (Male) |
| 20:06 | Build | Mining Camp |
| 20:10 | Create | Villager (Male) |
| 20:10 | Create | Villager (Male) |
| 20:15 | Create | Villager (Male) |
| 20:23 | Build | Farm |
| 20:24 | Build | Farm |
| 20:30 | Research | Wheelbarrow |
| 20:39 | Build | House |
| 20:40 | Build | House |
| 20:41 | Create | Villager (Male) |
| 20:41 | Create | Villager (Male) |
| 20:45 | Build | Farm |
| 20:46 | Create | Villager (Male) |
| 20:52 | Build | Farm |
| 20:55 | Build | Farm |
| 20:55 | Create | Villager (Male) |
| 20:56 | Create | Villager (Male) |
Build order — Lastmantillidie
First 150 of 413 actions detected
| 0:01 | Create | Villager (Male) |
| 0:01 | Create | Villager (Male) |
| 0:04 | Build | House |
| 0:05 | Build | House |
| 0:12 | Create | Villager (Male) |
| 0:12 | Create | Villager (Male) |
| 0:12 | Create | Villager (Male) |
| 1:31 | Create | Villager (Male) |
| 1:45 | Build | Lumber Camp |
| 1:57 | Create | Villager (Male) |
| 2:13 | Create | Villager (Male) |
| 2:43 | Create | Villager (Male) |
| 3:12 | Create | Villager (Male) |
| 3:12 | Create | Villager (Male) |
| 3:15 | Build | House |
| 3:16 | Build | House |
| 3:47 | Create | Villager (Male) |
| 3:50 | Build | House |
| 4:12 | Create | Villager (Male) |
| 4:13 | Create | Villager (Male) |
| 4:55 | Build | Mill |
| 4:58 | Create | Villager (Male) |
| 4:58 | Create | Villager (Male) |
| 5:37 | Create | Villager (Male) |
| 5:37 | Create | Villager (Male) |
| 5:37 | Create | Villager (Male) |
| 6:05 | Create | Villager (Male) |
| 6:37 | Build | Lumber Camp |
| 7:00 | Create | Villager (Male) |
| 7:24 | Create | Villager (Male) |
| 7:49 | Create | Villager (Male) |
| 7:55 | Build | Mill |
| 8:09 | Create | Villager (Male) |
| 8:50 | Research | Feudal Age |
| 8:50 | Research | Feudal Age |
| 9:54 | Build | Farm |
| 10:54 | Create | Villager (Male) |
| 10:56 | Create | Villager (Male) |
| 11:00 | Age | Feudal Age |
| 11:03 | Build | Market |
| 11:07 | Build | Blacksmith |
| 11:22 | Research | Double-Bit Axe |
| 11:25 | Research | Horse Collar |
| 11:28 | Build | Farm |
| 11:30 | Build | Farm |
| 11:32 | Build | Farm |
| 11:36 | Build | Farm |
| 11:39 | Build | Farm |
| 11:51 | Create | Villager (Male) |
| 11:56 | Build | House |
| 12:03 | Build | Farm |
| 12:14 | Create | Villager (Male) |
| 12:20 | Build | Mining Camp |
| 13:10 | Research | Castle Age |
| 13:10 | Research | Castle Age |
| 14:48 | Create | Villager (Male) |
| 15:37 | Create | Villager (Male) |
| 15:41 | Create | Villager (Male) |
| 15:50 | Age | Castle Age |
| 15:54 | Build | Town Center |
| 15:58 | Build | Town Center |
| 16:00 | Research | Bow Saw |
| 16:04 | Research | Heavy Plow |
| 16:12 | Build | Monastery |
| 16:22 | Create | Villager (Male) |
| 16:40 | Build | Farm |
| 16:43 | Build | Farm |
| 16:52 | Build | House |
| 17:05 | Create | Villager (Male) |
| 17:09 | Build | Farm |
| 17:12 | Build | Farm |
| 17:14 | Build | Farm |
| 17:16 | Create | Villager (Male) |
| 17:19 | Create | Villager (Male) |
| 17:21 | Build | Farm |
| 17:23 | Build | Farm |
| 17:26 | Build | Farm |
| 17:28 | Build | Farm |
| 17:31 | Create | Villager (Male) |
| 17:32 | Build | House |
| 17:35 | Create | Monk |
| 17:50 | Create | Villager (Male) |
| 17:50 | Create | Villager (Male) |
| 17:55 | Build | Farm |
| 17:57 | Create | Villager (Male) |
| 18:01 | Build | House |
| 18:04 | Build | Farm |
| 18:07 | Create | Villager (Male) |
| 18:16 | Create | Villager (Male) |
| 18:20 | Create | Villager (Male) |
| 18:34 | Build | Farm |
| 18:36 | Build | Farm |
| 18:41 | Create | Monk |
| 18:47 | Create | Villager (Male) |
| 18:48 | Create | Villager (Male) |
| 18:51 | Build | Farm |
| 18:52 | Create | Villager (Male) |
| 18:53 | Create | Villager (Male) |
| 19:02 | Create | Villager (Male) |
| 19:05 | Create | Villager (Male) |
| 19:13 | Build | Farm |
| 19:27 | Create | Villager (Male) |
| 19:33 | Create | Villager (Male) |
| 19:34 | Create | Villager (Male) |
| 19:39 | Research | Fervor |
| 19:40 | Create | Villager (Male) |
| 19:43 | Build | Farm |
| 19:44 | Build | Farm |
| 19:46 | Create | Villager (Male) |
| 19:48 | Build | Farm |
| 19:50 | Build | Farm |
| 19:53 | Create | Villager (Male) |
| 20:01 | Create | Villager (Male) |
| 20:07 | Build | House |
| 20:09 | Build | Farm |
| 20:12 | Create | Villager (Male) |
| 20:22 | Create | Monk |
| 20:27 | Create | Villager (Male) |
| 20:28 | Create | Villager (Male) |
| 20:28 | Create | Villager (Male) |
| 20:32 | Build | House |
| 20:34 | Build | House |
| 20:38 | Build | Farm |
| 20:40 | Build | Farm |
| 20:43 | Create | Villager (Male) |
| 20:50 | Build | Farm |
| 20:54 | Build | Farm |
| 20:56 | Build | Farm |
| 21:00 | Create | Villager (Male) |
| 21:01 | Create | Villager (Male) |
| 21:02 | Research | Wheelbarrow |
| 21:05 | Create | Villager (Male) |
| 21:22 | Create | Villager (Male) |
| 21:23 | Create | Villager (Male) |
| 21:24 | Create | Villager (Male) |
| 21:28 | Create | Villager (Male) |
| 21:38 | Build | House |
| 21:47 | Build | Town Center |
| 21:48 | Create | Villager (Male) |
| 21:48 | Create | Villager (Male) |
| 21:50 | Create | Villager (Male) |
| 21:54 | Build | Farm |
| 21:59 | Build | Farm |
| 22:10 | Build | House |
| 22:11 | Build | House |
| 22:14 | Create | Villager (Male) |
| 22:15 | Create | Villager (Male) |
| 22:21 | Research | Stone Mining |
| 22:44 | Create | Monk |
| 22:50 | Create | Villager (Male) |
Build order — [MELO] dwei
First 150 of 441 actions detected
| 0:02 | Create | Villager (Male) ×4 |
| 0:03 | Build | House |
| 0:05 | Build | House |
| 1:25 | Create | Villager (Male) |
| 1:57 | Create | Villager (Male) |
| 2:17 | Build | Settlement |
| 2:23 | Create | Villager (Male) |
| 2:23 | Create | Villager (Male) |
| 3:00 | Create | Villager (Male) |
| 3:29 | Create | Villager (Male) |
| 3:30 | Create | Villager (Male) |
| 4:03 | Create | Villager (Male) |
| 4:31 | Create | Villager (Male) |
| 4:59 | Create | Villager (Male) |
| 5:02 | Create | Villager (Male) |
| 5:05 | Create | Villager (Male) |
| 5:55 | Research | Feudal Age |
| 6:27 | Create | Villager (Male) |
| 6:51 | Build | Settlement |
| 7:22 | Create | Villager (Male) |
| 8:01 | Research | Loom |
| 8:05 | Age | Feudal Age |
| 8:17 | Research | Double-Bit Axe |
| 8:18 | Create | Villager (Male) |
| 8:29 | Build | Watch Tower |
| 8:35 | Build | Stone Wall |
| 8:36 | Build | Stone Wall |
| 8:39 | Build | Stone Wall |
| 8:40 | Build | Stone Wall |
| 8:42 | Build | Stone Wall |
| 8:43 | Build | Stone Wall |
| 8:45 | Build | Stone Wall |
| 8:46 | Build | Stone Wall |
| 8:48 | Create | Villager (Male) |
| 8:48 | Create | Villager (Male) |
| 9:00 | Create | Villager (Male) |
| 9:11 | Create | Villager (Male) |
| 9:33 | Build | Settlement |
| 9:35 | Build | Blacksmith |
| 9:59 | Build | Watch Tower |
| 10:04 | Build | House |
| 10:06 | Build | House |
| 10:12 | Create | Villager (Male) |
| 10:30 | Build | Stone Wall |
| 10:44 | Create | Villager (Male) |
| 11:05 | Build | Outpost |
| 11:06 | Create | Villager (Male) |
| 11:21 | Research | Fletching |
| 11:53 | Create | Villager (Male) |
| 11:58 | Create | Villager (Male) |
| 12:07 | Create | Villager (Male) |
| 12:12 | Build | House |
| 12:21 | Research | Horse Collar |
| 12:40 | Build | Watch Tower |
| 12:45 | Create | Villager (Male) |
| 12:47 | Create | Villager (Male) |
| 12:49 | Create | Villager (Male) |
| 13:40 | Create | Villager (Male) |
| 13:47 | Build | Farm |
| 13:48 | Build | Farm |
| 13:48 | Build | Farm |
| 14:06 | Create | Villager (Male) |
| 14:16 | Research | Wheelbarrow |
| 14:17 | Create | Villager (Male) |
| 14:36 | Build | Settlement |
| 14:50 | Create | Villager (Male) |
| 15:11 | Build | Farm |
| 15:12 | Build | Farm |
| 15:24 | Create | Villager (Male) |
| 15:25 | Create | Villager (Male) |
| 15:37 | Create | Villager (Male) |
| 16:06 | Create | Villager (Male) |
| 16:36 | Build | Farm |
| 16:37 | Create | Villager (Male) |
| 16:42 | Build | Market |
| 17:08 | Build | Farm |
| 17:26 | Build | Farm |
| 18:01 | Build | Farm |
| 18:02 | Build | Farm |
| 18:08 | Create | Villager (Male) |
| 18:17 | Build | Farm |
| 18:19 | Build | Farm |
| 18:20 | Build | Farm |
| 18:23 | Build | Farm |
| 18:58 | Create | Villager (Male) |
| 19:11 | Build | House |
| 19:18 | Build | Farm |
| 19:19 | Build | Farm |
| 19:22 | Build | Farm |
| 19:50 | Research | Castle Age |
| 20:09 | Create | Villager (Male) |
| 20:17 | Create | Villager (Male) |
| 20:20 | Create | Villager (Male) |
| 20:21 | Create | Villager (Male) |
| 22:30 | Age | Castle Age |
| 22:32 | Build | Siege Workshop |
| 22:36 | Build | Town Center |
| 22:38 | Research | Bow Saw |
| 22:41 | Research | Heavy Plow |
| 22:47 | Research | Bodkin Arrow |
| 22:51 | Create | Villager (Male) |
| 22:57 | Create | Mangonel |
| 23:18 | Create | Villager (Male) |
| 23:30 | Create | Mangonel |
| 23:37 | Create | Villager (Male) |
| 24:00 | Create | Villager (Male) |
| 24:11 | Create | Villager (Male) |
| 24:12 | Create | Villager (Male) |
| 24:26 | Build | Monastery |
| 24:38 | Build | Farm |
| 24:40 | Create | Villager (Male) |
| 24:40 | Create | Villager (Male) |
| 24:50 | Create | Monk |
| 24:54 | Create | Mangonel |
| 24:55 | Create | Villager (Male) |
| 24:55 | Create | Villager (Male) |
| 25:08 | Build | House |
| 25:09 | Build | House |
| 25:15 | Create | Villager (Male) |
| 25:34 | Create | Villager (Male) |
| 25:55 | Create | Mangonel |
| 26:08 | Create | Villager (Male) |
| 26:09 | Create | Villager (Male) |
| 26:12 | Build | Town Center |
| 26:21 | Create | Villager (Male) |
| 26:25 | Build | House |
| 26:25 | Build | House |
| 26:28 | Build | House |
| 26:30 | Create | Villager (Male) |
| 26:40 | Create | Villager (Male) |
| 26:42 | Create | Villager (Male) |
| 26:55 | Create | Villager (Male) |
| 26:57 | Build | Farm |
| 27:05 | Create | Villager (Male) |
| 27:07 | Create | Villager (Male) |
| 27:09 | Create | Villager (Male) |
| 27:09 | Create | Villager (Male) |
| 27:17 | Create | Villager (Male) |
| 27:22 | Build | House |
| 27:28 | Create | Villager (Male) |
| 27:30 | Create | Villager (Male) |
| 27:33 | Create | Villager (Male) |
| 27:35 | Build | Town Center |
| 27:43 | Build | Stone Wall |
| 27:56 | Research | Hand Cart |
| 27:57 | Create | Villager (Male) |
| 27:57 | Create | Villager (Male) |
| 27:57 | Create | Villager (Male) |
| 28:03 | Build | Stone Wall |
| 28:05 | Create | Villager (Male) |
Build order — Kinder
First 150 of 586 actions detected
| 0:01 | Create | Villager (Male) |
| 0:01 | Create | Villager (Male) |
| 0:01 | Create | Villager (Male) |
| 0:02 | Build | House |
| 0:04 | Build | House |
| 0:10 | Create | Villager (Male) |
| 0:10 | Create | Villager (Male) |
| 1:28 | Create | Villager (Male) |
| 1:29 | Create | Villager (Male) |
| 1:45 | Build | Lumber Camp |
| 2:16 | Create | Villager (Male) |
| 2:29 | Create | Villager (Male) |
| 2:30 | Create | Villager (Male) |
| 2:48 | Create | Villager (Male) |
| 3:05 | Create | Villager (Male) |
| 3:35 | Create | Villager (Male) |
| 4:04 | Build | House |
| 4:15 | Create | Villager (Male) |
| 4:45 | Build | Mill |
| 4:45 | Create | Villager (Male) |
| 5:17 | Create | Villager (Male) |
| 5:17 | Create | Villager (Male) |
| 5:41 | Create | Villager (Male) |
| 5:46 | Build | House |
| 6:01 | Create | Villager (Male) |
| 6:01 | Create | Villager (Male) |
| 6:39 | Create | Villager (Male) |
| 7:20 | Build | Farm |
| 7:22 | Create | Villager (Male) |
| 7:22 | Create | Villager (Male) |
| 7:31 | Build | Lumber Camp |
| 7:45 | Build | Farm |
| 7:53 | Build | House |
| 8:22 | Create | Villager (Male) |
| 8:25 | Build | Mining Camp |
| 8:45 | Research | Feudal Age |
| 9:57 | Create | Villager (Male) |
| 9:57 | Create | Villager (Male) |
| 10:43 | Build | Farm |
| 10:57 | Age | Feudal Age |
| 10:58 | Build | Market |
| 11:01 | Build | Blacksmith |
| 11:29 | Build | Farm |
| 11:32 | Build | Farm |
| 11:43 | Build | House |
| 11:44 | Build | House |
| 11:51 | Research | Castle Age |
| 11:52 | Research | Castle Age |
| 12:34 | Research | Double-Bit Axe |
| 12:34 | Research | Horse Collar |
| 13:33 | Create | Villager (Male) |
| 13:34 | Create | Villager (Male) |
| 14:31 | Create | Villager (Male) |
| 14:31 | Age | Castle Age |
| 14:35 | Create | Villager (Male) |
| 14:35 | Create | Villager (Male) |
| 14:48 | Build | Town Center |
| 14:51 | Build | Town Center |
| 14:57 | Research | Bow Saw |
| 14:58 | Research | Bow Saw |
| 15:33 | Research | Wheelbarrow |
| 15:33 | Research | Wheelbarrow |
| 16:10 | Create | Villager (Male) |
| 16:11 | Create | Villager (Male) |
| 16:19 | Create | Villager (Male) |
| 16:31 | Build | Farm |
| 16:31 | Build | Farm |
| 16:31 | Build | Farm |
| 16:32 | Build | Farm |
| 16:37 | Create | Villager (Male) |
| 16:38 | Create | Villager (Male) |
| 16:38 | Create | Villager (Male) |
| 16:42 | Build | Farm |
| 16:53 | Create | Villager (Male) |
| 16:57 | Create | Villager (Male) |
| 17:02 | Build | Farm |
| 17:10 | Build | Farm |
| 17:13 | Research | Heavy Plow |
| 17:25 | Create | Villager (Male) |
| 17:25 | Create | Villager (Male) |
| 17:29 | Build | Farm |
| 17:34 | Build | Farm |
| 17:36 | Build | Farm |
| 17:38 | Create | Villager (Male) |
| 17:38 | Create | Villager (Male) |
| 17:54 | Build | Farm |
| 17:55 | Create | Villager (Male) |
| 17:55 | Create | Villager (Male) |
| 17:55 | Create | Villager (Male) |
| 17:58 | Build | Farm |
| 18:03 | Build | Farm |
| 18:11 | Build | House |
| 18:12 | Build | House |
| 18:13 | Create | Villager (Male) |
| 18:13 | Create | Villager (Male) |
| 18:13 | Create | Villager (Male) |
| 18:21 | Build | Farm |
| 18:28 | Create | Villager (Male) |
| 18:31 | Build | Farm |
| 18:34 | Create | Villager (Male) |
| 18:34 | Create | Villager (Male) |
| 18:34 | Create | Villager (Male) |
| 18:39 | Build | Farm |
| 18:46 | Build | Farm |
| 18:50 | Create | Villager (Male) |
| 18:50 | Create | Villager (Male) |
| 18:50 | Create | Villager (Male) |
| 18:58 | Build | Town Center |
| 19:04 | Create | Villager (Male) |
| 19:04 | Create | Villager (Male) |
| 19:10 | Build | Farm |
| 19:13 | Build | Farm |
| 19:13 | Create | Villager (Male) |
| 19:25 | Build | House |
| 19:26 | Build | House |
| 19:27 | Build | House |
| 19:28 | Create | Villager (Male) |
| 19:28 | Create | Villager (Male) |
| 19:29 | Create | Villager (Male) |
| 19:29 | Create | Villager (Male) |
| 19:46 | Build | Farm |
| 19:50 | Build | Farm |
| 20:04 | Research | Hand Cart |
| 20:09 | Build | Farm |
| 20:15 | Build | Farm |
| 20:16 | Create | Villager (Male) |
| 20:16 | Create | Villager (Male) |
| 20:17 | Create | Villager (Male) |
| 20:23 | Create | Villager (Male) |
| 20:24 | Create | Villager (Male) |
| 20:27 | Build | Farm |
| 20:29 | Create | Villager (Male) |
| 20:33 | Build | Farm |
| 20:34 | Create | Villager (Male) |
| 20:34 | Create | Villager (Male) |
| 20:37 | Build | Farm |
| 20:44 | Build | Farm |
| 20:45 | Create | Villager (Male) |
| 20:45 | Create | Villager (Male) |
| 20:54 | Build | House |
| 20:55 | Build | House |
| 21:00 | Research | Stone Mining |
| 21:00 | Research | Stone Mining |
| 21:07 | Create | Villager (Male) |
| 21:08 | Create | Villager (Male) |
| 21:16 | Create | Villager (Male) |
| 21:22 | Build | Mining Camp |
| 21:26 | Create | Villager (Male) |
| 21:26 | Create | Villager (Male) |
| 21:27 | Create | Villager (Male) |
Build order — ZizKa
First 150 of 325 actions detected
| 0:01 | Create | Villager (Male) |
| 0:01 | Create | Villager (Male) |
| 0:01 | Create | Villager (Male) |
| 0:03 | Build | House |
| 0:04 | Create | Villager (Male) |
| 0:05 | Build | House |
| 1:26 | Create | Villager (Male) |
| 2:18 | Create | Villager (Male) |
| 2:19 | Create | Villager (Male) |
| 2:29 | Build | Lumber Camp |
| 2:58 | Create | Villager (Male) |
| 3:36 | Create | Villager (Male) |
| 3:58 | Create | Villager (Male) |
| 4:10 | Create | Villager (Male) |
| 4:19 | Build | House |
| 4:30 | Create | Villager (Male) |
| 5:12 | Build | Mill |
| 5:14 | Create | Villager (Male) |
| 5:44 | Create | Villager (Male) |
| 6:03 | Create | Villager (Male) |
| 6:12 | Build | House |
| 6:18 | Create | Villager (Male) |
| 6:49 | Build | Mill |
| 6:52 | Create | Villager (Male) |
| 7:18 | Create | Villager (Male) |
| 7:32 | Build | Farm |
| 7:38 | Build | Farm |
| 7:44 | Create | Villager (Male) |
| 8:08 | Create | Villager (Male) |
| 8:09 | Create | Villager (Male) |
| 8:38 | Create | Villager (Male) |
| 8:55 | Build | Mining Camp |
| 8:59 | Research | Feudal Age |
| 10:00 | Build | House |
| 10:40 | Create | Villager (Male) |
| 11:14 | Age | Feudal Age |
| 11:23 | Build | Market |
| 11:28 | Build | Blacksmith |
| 11:38 | Create | Villager (Male) |
| 12:14 | Research | Castle Age |
| 12:14 | Research | Castle Age |
| 12:35 | Research | Double-Bit Axe |
| 12:49 | Build | House |
| 13:01 | Build | Farm |
| 13:06 | Build | Farm |
| 13:13 | Research | Horse Collar |
| 13:23 | Build | Farm |
| 13:27 | Build | Farm |
| 13:30 | Build | Farm |
| 13:37 | Build | House |
| 14:08 | Build | House |
| 14:10 | Research | Gold Mining |
| 14:54 | Age | Castle Age |
| 14:55 | Research | Wheelbarrow |
| 15:00 | Build | Town Center |
| 15:02 | Create | Villager (Male) |
| 15:13 | Build | Farm |
| 15:35 | Research | Bow Saw |
| 15:42 | Build | Farm |
| 15:48 | Build | Farm |
| 16:09 | Create | Villager (Male) |
| 16:31 | Create | Villager (Male) |
| 16:31 | Create | Villager (Male) |
| 16:49 | Build | Town Center |
| 16:51 | Create | Villager (Male) |
| 17:01 | Build | Farm |
| 17:04 | Build | Farm |
| 17:10 | Build | Farm |
| 17:14 | Create | Villager (Male) |
| 17:24 | Build | Farm |
| 17:29 | Build | Farm |
| 17:35 | Create | Villager (Male) |
| 17:38 | Create | Villager (Male) ×3 |
| 17:45 | Build | Farm |
| 17:48 | Create | Villager (Male) |
| 17:57 | Create | Villager (Male) |
| 18:03 | Build | Monastery |
| 18:17 | Create | Villager (Male) |
| 18:29 | Create | Villager (Male) ×2 |
| 18:38 | Create | Villager (Male) |
| 18:46 | Build | Mining Camp |
| 18:49 | Build | Farm |
| 18:51 | Build | Farm |
| 18:53 | Build | Farm |
| 18:59 | Build | Farm |
| 19:01 | Create | Villager (Male) ×2 |
| 19:02 | Create | Villager (Male) |
| 19:04 | Create | Monk |
| 19:06 | Build | House |
| 19:17 | Create | Villager (Male) |
| 19:32 | Build | House |
| 19:35 | Build | Farm |
| 19:35 | Create | Villager (Male) ×2 |
| 19:43 | Build | Farm |
| 19:59 | Build | Farm |
| 20:07 | Build | Town Center |
| 20:09 | Create | Villager (Male) ×5 |
| 20:19 | Create | Villager (Male) |
| 20:28 | Build | Farm |
| 20:31 | Build | Farm |
| 20:44 | Create | Villager (Male) ×4 |
| 20:46 | Build | Farm |
| 21:02 | Research | Stone Mining |
| 21:12 | Build | Farm |
| 21:15 | Build | Farm |
| 21:20 | Build | Farm |
| 21:21 | Create | Villager (Male) ×3 |
| 21:24 | Build | Farm |
| 21:32 | Build | House |
| 21:33 | Build | House |
| 21:34 | Build | House |
| 21:45 | Create | Monk |
| 22:04 | Build | Farm |
| 22:07 | Build | Farm |
| 22:09 | Build | Farm |
| 22:13 | Build | Farm |
| 22:16 | Build | Farm |
| 22:17 | Create | Villager (Male) ×5 |
| 22:19 | Create | Villager (Male) ×5 |
| 22:29 | Create | Villager (Male) ×4 |
| 22:32 | Build | House |
| 22:33 | Build | House |
| 22:43 | Build | Farm |
| 22:46 | Build | Farm |
| 22:59 | Build | Farm |
| 23:05 | Build | House |
| 23:06 | Build | House |
| 23:07 | Build | House |
| 23:08 | Build | House |
| 23:09 | Build | House |
| 23:12 | Research | Hand Cart |
| 23:16 | Research | Heavy Plow |
| 23:20 | Build | Farm |
| 23:21 | Build | Farm |
| 23:26 | Research | Gold Shaft Mining |
| 23:32 | Build | Farm |
| 23:39 | Build | Mining Camp |
| 23:42 | Create | Villager (Male) |
| 23:43 | Create | Villager (Male) |
| 23:47 | Research | Stone Shaft Mining |
| 23:51 | Research | Stone Shaft Mining |
| 23:53 | Create | Villager (Male) |
| 23:59 | Build | Farm |
| 23:59 | Build | Farm |
| 23:59 | Build | Farm |
| 23:59 | Build | Farm |
| 24:00 | Build | Farm |
| 24:00 | Build | Farm |
| 24:16 | Build | Mining Camp |
| 24:18 | Create | Villager (Male) ×5 |
Build order — VIT | Hera
First 150 of 305 actions detected
| 0:01 | Create | Villager (Male) |
| 0:01 | Create | Villager (Male) |
| 0:02 | Create | Villager (Male) |
| 0:03 | Build | House |
| 0:04 | Build | House |
| 0:11 | Create | Villager (Male) |
| 0:11 | Create | Villager (Male) |
| 1:10 | Create | Villager (Male) |
| 1:42 | Create | Villager (Male) |
| 2:05 | Build | Lumber Camp |
| 2:17 | Build | Lumber Camp |
| 2:20 | Create | Villager (Male) |
| 2:31 | Create | Villager (Male) |
| 3:00 | Create | Villager (Male) |
| 3:23 | Create | Villager (Male) |
| 3:53 | Build | House |
| 3:54 | Build | House |
| 4:02 | Create | Villager (Male) |
| 4:21 | Create | Villager (Male) |
| 4:39 | Create | Villager (Male) |
| 4:47 | Build | House |
| 4:57 | Build | House |
| 5:01 | Create | Villager (Male) |
| 5:18 | Create | Villager (Male) |
| 5:18 | Create | Villager (Male) |
| 5:33 | Build | Mill |
| 5:35 | Create | Villager (Male) |
| 5:45 | Create | Villager (Male) |
| 5:46 | Create | Villager (Male) |
| 6:05 | Create | Villager (Male) |
| 6:09 | Create | Villager (Male) |
| 6:09 | Create | Villager (Male) |
| 6:55 | Create | Villager (Male) |
| 7:05 | Build | Lumber Camp |
| 7:07 | Create | Villager (Male) |
| 7:17 | Create | Villager (Male) |
| 7:44 | Build | Farm |
| 8:00 | Build | Farm |
| 8:10 | Create | Villager (Male) |
| 8:15 | Research | Loom |
| 8:36 | Create | Villager (Male) |
| 8:37 | Create | Villager (Male) |
| 8:44 | Build | House |
| 8:54 | Build | House |
| 9:27 | Research | Feudal Age |
| 10:00 | Build | Mining Camp |
| 10:03 | Build | Farm |
| 10:30 | Create | Villager (Male) |
| 10:56 | Build | House |
| 11:10 | Build | Palisade Wall |
| 11:28 | Create | Villager (Male) |
| 11:37 | Age | Feudal Age |
| 11:46 | Build | Watch Tower |
| 11:50 | Build | Blacksmith |
| 12:02 | Build | Watch Tower |
| 12:11 | Create | Villager (Male) |
| 12:15 | Create | Villager (Male) |
| 12:20 | Research | Fletching |
| 12:25 | Build | Market |
| 12:27 | Build | House |
| 12:30 | Create | Villager (Male) |
| 13:03 | Create | Villager (Male) |
| 13:15 | Create | Villager (Male) |
| 13:17 | Research | Double-Bit Axe |
| 13:22 | Build | Watch Tower |
| 13:38 | Create | Villager (Male) |
| 13:54 | Create | Villager (Male) |
| 14:40 | Create | Villager (Male) |
| 14:52 | Build | Farm |
| 14:53 | Build | Farm |
| 14:54 | Build | Farm |
| 14:58 | Create | Villager (Male) |
| 15:01 | Create | Villager (Male) |
| 15:16 | Build | Mill |
| 15:54 | Build | Farm |
| 16:10 | Create | Villager (Male) |
| 16:46 | Create | Villager (Male) |
| 16:47 | Create | Villager (Male) |
| 16:58 | Create | Villager (Male) |
| 17:29 | Build | Watch Tower |
| 17:36 | Build | Building 487 |
| 17:40 | Build | House |
| 17:44 | Build | Stone Wall |
| 17:52 | Create | Villager (Male) |
| 17:56 | Create | Villager (Male) |
| 18:05 | Build | Mining Camp |
| 18:06 | Create | Villager (Male) |
| 18:25 | Create | Villager (Male) |
| 18:29 | Build | Farm |
| 18:30 | Build | Farm |
| 18:40 | Build | Farm |
| 18:53 | Create | Villager (Male) |
| 19:00 | Build | Farm |
| 19:02 | Build | Farm |
| 19:03 | Build | Farm |
| 19:16 | Create | Villager (Male) |
| 19:23 | Build | Building 487 |
| 19:38 | Create | Villager (Male) |
| 19:46 | Build | Farm |
| 19:48 | Research | Horse Collar |
| 19:48 | Research | Horse Collar |
| 19:50 | Create | Villager (Male) |
| 19:58 | Create | Villager (Male) |
| 20:10 | Build | Farm |
| 20:32 | Build | Watch Tower |
| 20:35 | Create | Villager (Male) |
| 20:39 | Build | House |
| 20:58 | Research | Wheelbarrow |
| 20:58 | Create | Villager (Male) |
| 21:13 | Build | Stone Wall |
| 21:15 | Build | Stone Wall |
| 21:23 | Create | Villager (Male) |
| 22:00 | Create | Villager (Male) |
| 22:19 | Build | House |
| 22:20 | Build | House |
| 22:22 | Build | House |
| 22:30 | Research | Castle Age |
| 22:30 | Research | Castle Age |
| 22:41 | Create | Villager (Male) |
| 22:57 | Build | Watch Tower |
| 23:04 | Create | Villager (Male) |
| 23:12 | Build | Stone Wall |
| 23:25 | Build | House |
| 23:27 | Build | House |
| 23:28 | Build | House |
| 23:29 | Create | Villager (Male) |
| 23:59 | Create | Villager (Male) |
| 24:49 | Build | House |
| 25:10 | Age | Castle Age |
| 25:12 | Build | University |
| 25:21 | Research | Bodkin Arrow |
| 25:31 | Build | Castle |
| 25:33 | Create | Villager (Male) |
| 26:02 | Research | Guard Tower (upgrade) |
| 26:14 | Create | Villager (Male) |
| 26:39 | Research | Bow Saw |
| 26:39 | Research | Bow Saw |
| 26:58 | Create | Villager (Male) |
| 27:16 | Create | Villager (Male) |
| 27:46 | Create | Villager (Male) |
| 27:52 | Build | Town Center |
| 27:56 | Create | Villager (Male) |
| 28:08 | Create | Villager (Male) |
| 28:28 | Create | Villager (Male) |
| 28:31 | Research | Heavy Plow |
| 28:52 | Create | Keshik |
| 28:53 | Create | Keshik |
| 28:59 | Build | Stone Wall |
| 28:59 | Build | Stone Wall |
| 29:00 | Build | Stone Wall |
Build order — Thundernips, The Ultimate Gigolo
First 150 of 471 actions detected
| 0:00 | Create | Villager (Male) |
| 0:00 | Create | Villager (Male) |
| 0:00 | Create | Villager (Male) |
| 0:01 | Create | Villager (Male) |
| 0:02 | Build | House |
| 0:03 | Build | House |
| 1:23 | Create | Villager (Male) |
| 1:45 | Build | Lumber Camp |
| 1:56 | Create | Villager (Male) |
| 2:11 | Create | Villager (Male) |
| 2:42 | Create | Villager (Male) |
| 2:57 | Create | Villager (Male) |
| 3:25 | Build | House |
| 3:27 | Build | House |
| 3:29 | Build | House |
| 3:33 | Create | Villager (Male) |
| 3:44 | Create | Villager (Male) |
| 4:35 | Create | Villager (Male) |
| 4:48 | Build | Mill |
| 4:57 | Create | Villager (Male) |
| 5:12 | Create | Villager (Male) |
| 5:39 | Create | Villager (Male) |
| 6:06 | Create | Villager (Male) |
| 6:06 | Create | Villager (Male) |
| 6:37 | Create | Villager (Male) |
| 7:06 | Create | Villager (Male) |
| 7:27 | Create | Villager (Male) |
| 7:29 | Create | Villager (Male) |
| 7:35 | Create | Villager (Male) |
| 7:36 | Create | Villager (Male) |
| 7:49 | Build | Mill |
| 8:11 | Create | Villager (Male) |
| 9:04 | Create | Villager (Male) |
| 9:09 | Build | Farm |
| 9:10 | Build | Farm |
| 9:12 | Build | Farm |
| 9:14 | Build | Farm |
| 9:16 | Build | Farm |
| 9:40 | Research | Feudal Age |
| 9:52 | Build | Barracks |
| 10:43 | Build | Mining Camp |
| 11:22 | Create | Villager (Male) |
| 12:10 | Age | Feudal Age |
| 12:13 | Build | Stable |
| 12:20 | Build | Blacksmith |
| 12:25 | Create | Villager (Male) |
| 12:47 | Research | Double-Bit Axe |
| 12:59 | Research | Castle Age |
| 12:59 | Research | Castle Age |
| 13:12 | Create | Scout Cavalry |
| 13:21 | Build | House |
| 13:22 | Build | House |
| 13:28 | Build | Farm |
| 13:29 | Build | Farm |
| 13:37 | Create | Scout Cavalry |
| 13:47 | Research | Horse Collar |
| 13:48 | Research | Horse Collar |
| 13:54 | Create | Scout Cavalry |
| 13:54 | Create | Scout Cavalry |
| 14:11 | Build | Farm |
| 14:20 | Build | Farm |
| 14:26 | Build | House |
| 14:26 | Create | Scout Cavalry |
| 14:36 | Create | Scout Cavalry |
| 14:40 | Research | Scale Barding Armor |
| 14:40 | Research | Scale Barding Armor |
| 14:46 | Build | House |
| 14:55 | Build | Farm |
| 15:06 | Build | Farm |
| 15:09 | Create | Scout Cavalry |
| 15:18 | Create | Scout Cavalry |
| 15:22 | Build | Farm |
| 15:39 | Build | Farm |
| 15:40 | Age | Castle Age |
| 15:42 | Create | Villager (Male) |
| 15:45 | Research | Light Cavalry (upgrade) |
| 15:45 | Research | Light Cavalry (upgrade) |
| 15:54 | Build | Farm |
| 16:09 | Build | Farm |
| 16:09 | Create | Villager (Male) |
| 16:11 | Build | House |
| 16:22 | Create | Villager (Male) |
| 16:30 | Build | Farm |
| 16:39 | Research | Husbandry |
| 16:53 | Build | Farm |
| 16:57 | Create | Villager (Male) |
| 17:02 | Build | Farm |
| 17:15 | Build | Farm |
| 17:27 | Research | Forging |
| 17:39 | Create | Villager (Male) |
| 18:03 | Create | Villager (Male) |
| 19:07 | Create | Villager (Male) |
| 19:17 | Create | Villager (Male) |
| 19:19 | Research | Heavy Plow |
| 19:19 | Research | Heavy Plow |
| 19:29 | Create | Villager (Male) |
| 19:53 | Create | Villager (Male) |
| 20:11 | Create | Villager (Male) |
| 20:12 | Create | Villager (Male) |
| 20:34 | Build | Town Center |
| 20:35 | Create | Villager (Male) |
| 20:38 | Create | Villager (Male) |
| 20:39 | Create | Villager (Male) |
| 21:04 | Research | Wheelbarrow |
| 21:29 | Build | Lumber Camp |
| 21:48 | Research | Bow Saw |
| 21:51 | Create | Villager (Male) |
| 21:53 | Create | Villager (Male) |
| 21:53 | Create | Villager (Male) |
| 21:53 | Create | Villager (Male) |
| 21:53 | Create | Villager (Male) |
| 22:20 | Create | Villager (Male) |
| 22:33 | Create | Villager (Male) |
| 22:47 | Build | University |
| 22:58 | Build | Monastery |
| 23:33 | Build | Siege Workshop |
| 23:34 | Create | Villager (Male) |
| 23:46 | Research | Imperial Age |
| 23:47 | Research | Imperial Age |
| 23:49 | Create | Villager (Male) |
| 23:52 | Build | House |
| 23:53 | Build | House |
| 23:53 | Create | Villager (Male) |
| 23:55 | Create | Villager (Male) |
| 24:02 | Build | Town Center |
| 24:09 | Research | Gold Mining |
| 24:21 | Research | Loom |
| 24:24 | Create | Villager (Male) |
| 24:32 | Research | Hand Cart |
| 24:35 | Create | Villager (Male) |
| 24:45 | Build | Barracks |
| 25:08 | Build | House |
| 25:09 | Build | House |
| 25:09 | Build | House |
| 25:12 | Create | Villager (Male) |
| 25:12 | Create | Villager (Male) |
| 25:14 | Create | Villager (Male) |
| 25:16 | Build | Market |
| 25:22 | Research | Gold Shaft Mining |
| 25:22 | Research | Gold Shaft Mining |
| 25:24 | Create | Villager (Male) |
| 25:26 | Create | Villager (Male) |
| 25:32 | Build | Barracks |
| 25:36 | Create | Villager (Male) |
| 25:48 | Create | Villager (Male) |
| 25:52 | Create | Villager (Male) |
| 25:59 | Build | Lumber Camp |
| 26:02 | Build | Lumber Camp |
| 26:11 | Create | Battering Ram |
| 26:11 | Create | Battering Ram |
Match timeline
| 8:05 | [MELO] dwei · age_up feudal |
| 8:35 | [MELO] dwei · wall_segment Stone Wall x1 |
| 8:36 | [MELO] dwei · wall_segment Stone Wall x1 |
| 8:39 | [MELO] dwei · wall_segment Stone Wall x1 |
| 8:40 | [MELO] dwei · wall_segment Stone Wall x1 |
| 8:42 | [MELO] dwei · wall_segment Stone Wall x1 |
| 8:43 | [MELO] dwei · wall_segment Stone Wall x1 |
| 8:45 | [MELO] dwei · wall_segment Stone Wall x1 |
| 8:46 | [MELO] dwei · wall_segment Stone Wall x1 |
| 9:52 | Thundernips, The Ultimate Gigolo · first_building Barracks |
| 10:30 | [MELO] dwei · wall_segment Stone Wall x1 |
| 10:44 | pro_backseatgamer · age_up feudal |
| 10:57 | Kinder · age_up feudal |
| 11:00 | Lastmantillidie · age_up feudal |
| 11:10 | VIT | Hera · wall_segment Palisade Wall x5 |
| 11:14 | ZizKa · age_up feudal |
| 11:21 | IAmCharlieKirk67DiddyFan · age_up feudal |
| 11:37 | VIT | Hera · age_up feudal |
| 12:10 | Thundernips, The Ultimate Gigolo · age_up feudal |
| 12:13 | Thundernips, The Ultimate Gigolo · first_building Stable |
| 12:48 | Lastmantillidie · first_market_sell 100 wood |
| 12:59 | pro_backseatgamer · first_market_sell 100 food |
| 13:03 | pro_backseatgamer · first_market_buy 100 stone |
| 14:17 | pro_backseatgamer · age_up castle |
| 14:31 | Kinder · age_up castle |
| 14:54 | ZizKa · age_up castle |
| 15:03 | IAmCharlieKirk67DiddyFan · age_up castle |
| 15:40 | Thundernips, The Ultimate Gigolo · age_up castle |
| 15:50 | Lastmantillidie · age_up castle |
| 16:08 | VIT | Hera · first_market_sell 100 wood |
| 16:12 | Lastmantillidie · first_building Monastery |
| 16:45 | IAmCharlieKirk67DiddyFan · first_market_buy 100 stone |
| 17:12 | Kinder · first_market_buy 100 wood |
| 17:44 | VIT | Hera · wall_segment Stone Wall x1 |
| 18:03 | ZizKa · first_building Monastery |
| 19:43 | [MELO] dwei · first_market_sell 100 wood |
| 19:44 | [MELO] dwei · first_market_buy 100 food |
| 19:53 | ZizKa · first_market_sell 100 wood |
| 19:54 | ZizKa · first_market_buy 100 stone |
| 20:17 | VIT | Hera · first_market_buy 100 food |
| 21:13 | VIT | Hera · wall_segment Stone Wall x1 |
| 21:15 | VIT | Hera · wall_segment Stone Wall x1 |
| 21:32 | pro_backseatgamer · first_building Barracks |
| 22:30 | [MELO] dwei · age_up castle |
| 22:32 | [MELO] dwei · first_building Siege Workshop |
| 22:39 | pro_backseatgamer · first_building Archery Range |
| 22:58 | Thundernips, The Ultimate Gigolo · first_building Monastery |
| 23:10 | IAmCharlieKirk67DiddyFan · first_building Monastery |
| 23:12 | VIT | Hera · wall_segment Stone Wall x1 |
| 23:30 | pro_backseatgamer · first_building Siege Workshop |
| 23:33 | Thundernips, The Ultimate Gigolo · first_building Siege Workshop |
| 23:53 | IAmCharlieKirk67DiddyFan · first_market_sell 100 wood |
| 24:17 | IAmCharlieKirk67DiddyFan · first_building Barracks |
| 24:18 | Kinder · first_building Castle |
| 24:26 | [MELO] dwei · first_building Monastery |
| 24:58 | IAmCharlieKirk67DiddyFan · first_building Archery Range |
| 25:05 | Lastmantillidie · first_building Barracks |
| 25:10 | VIT | Hera · age_up castle |
| 25:27 | Kinder · first_building Barracks |
| 25:28 | Kinder · first_market_sell 100 food |
| 25:29 | ZizKa · first_building Castle |
| 25:29 | IAmCharlieKirk67DiddyFan · first_building Stable |
| 25:31 | VIT | Hera · first_building Castle |
| 25:33 | Lastmantillidie · first_building Siege Workshop |
| 26:25 | ZizKa · first_building Barracks |
| 26:31 | Lastmantillidie · first_building Stable |
| 26:32 | Kinder · first_building Stable |
| 26:49 | Thundernips, The Ultimate Gigolo · first_market_sell 100 food |
| 26:56 | Thundernips, The Ultimate Gigolo · age_up imperial |
| 27:12 | IAmCharlieKirk67DiddyFan · first_building Siege Workshop |
| 27:19 | Lastmantillidie · first_building Castle |
| 27:26 | pro_backseatgamer · first_building Castle |
| 27:30 | IAmCharlieKirk67DiddyFan · age_up imperial |
| 27:43 | [MELO] dwei · wall_segment Stone Wall x1 |
| 27:53 | ZizKa · first_building Stable |
| 28:03 | [MELO] dwei · wall_segment Stone Wall x1 |
| 28:26 | pro_backseatgamer · age_up imperial |
| 28:41 | Kinder · age_up imperial |
| 28:55 | Thundernips, The Ultimate Gigolo · first_building Archery Range |
| 28:59 | VIT | Hera · wall_segment Stone Wall x1 |
| 28:59 | VIT | Hera · wall_segment Stone Wall x1 |
| 29:00 | VIT | Hera · wall_segment Stone Wall x1 |
| 29:02 | VIT | Hera · wall_segment Stone Wall x1 |
| 29:12 | Lastmantillidie · age_up imperial |
| 29:13 | ZizKa · age_up imperial |
| 29:17 | Thundernips, The Ultimate Gigolo · first_market_buy 100 stone |
| 29:20 | Thundernips, The Ultimate Gigolo · wall_segment Stone Wall x1 |
| 29:22 | [MELO] dwei · wall_segment Stone Wall x1 |
| 29:22 | Thundernips, The Ultimate Gigolo · wall_segment Stone Wall x1 |
| 29:24 | Thundernips, The Ultimate Gigolo · wall_segment Stone Wall x1 |
| 29:25 | Thundernips, The Ultimate Gigolo · wall_segment Stone Wall x1 |
| 29:30 | VIT | Hera · wall_segment Stone Wall x1 |
| 29:39 | IAmCharlieKirk67DiddyFan · first_building Castle |
| 29:40 | VIT | Hera · wall_segment Stone Wall x1 |
| 29:41 | VIT | Hera · wall_segment Stone Wall x1 |
| 30:13 | ZizKa · first_building Siege Workshop |
| 31:48 | Thundernips, The Ultimate Gigolo · wall_segment Stone Wall x1 |
| 31:48 | Thundernips, The Ultimate Gigolo · wall_segment Stone Wall x1 |
| 31:49 | Thundernips, The Ultimate Gigolo · wall_segment Stone Wall x1 |
| 31:52 | Thundernips, The Ultimate Gigolo · wall_segment Stone Wall x1 |
| 31:54 | Thundernips, The Ultimate Gigolo · wall_segment Stone Wall x1 |
| 32:21 | Thundernips, The Ultimate Gigolo · wall_segment Stone Wall x1 |
| 32:25 | Thundernips, The Ultimate Gigolo · wall_segment Stone Wall x1 |
| 32:31 | [MELO] dwei · first_building Barracks |
| 32:46 | IAmCharlieKirk67DiddyFan · wall_segment Palisade Wall x1 |
| 33:03 | VIT | Hera · first_building Siege Workshop |
| 33:12 | [MELO] dwei · wall_segment Stone Wall x7 |
| 33:14 | Thundernips, The Ultimate Gigolo · wall_segment Stone Wall x5 |
| 34:02 | [MELO] dwei · wall_segment Stone Wall x1 |
| 34:40 | [MELO] dwei · wall_segment Stone Wall x1 |
| 35:01 | [MELO] dwei · age_up imperial |
| 35:32 | [MELO] dwei · wall_segment Stone Wall x7 |
| 35:36 | [MELO] dwei · wall_segment Stone Wall x1 |
| 36:15 | VIT | Hera · first_building Barracks |
| 36:28 | [MELO] dwei · wall_segment Stone Wall x1 |
| 37:26 | VIT | Hera · first_building Stable |
| 38:04 | VIT | Hera · wall_segment Stone Wall x1 |
| 38:05 | VIT | Hera · wall_segment Stone Wall x1 |
| 38:13 | VIT | Hera · wall_segment Palisade Wall x1 |
| 38:30 | Thundernips, The Ultimate Gigolo · tribute_sent a jugador 1 |
| 38:30 | Thundernips, The Ultimate Gigolo · tribute_sent a jugador 2 |
| 38:30 | Thundernips, The Ultimate Gigolo · tribute_sent a jugador 3 |
| 38:30 | Thundernips, The Ultimate Gigolo · tribute_sent a jugador 4 |
| 38:30 | Thundernips, The Ultimate Gigolo · tribute_sent a jugador 5 |
| 38:30 | Thundernips, The Ultimate Gigolo · tribute_sent a jugador 6 |
| 38:30 | Thundernips, The Ultimate Gigolo · tribute_sent a jugador 7 |
| 38:35 | IAmCharlieKirk67DiddyFan · tribute_sent a jugador 1 |
| 38:35 | IAmCharlieKirk67DiddyFan · tribute_sent a jugador 3 |
| 38:35 | IAmCharlieKirk67DiddyFan · tribute_sent a jugador 4 |
| 38:35 | IAmCharlieKirk67DiddyFan · tribute_sent a jugador 5 |
| 38:35 | IAmCharlieKirk67DiddyFan · tribute_sent a jugador 6 |
| 38:35 | IAmCharlieKirk67DiddyFan · tribute_sent a jugador 7 |
| 38:35 | IAmCharlieKirk67DiddyFan · tribute_sent a jugador 8 |
| 38:51 | [MELO] dwei · first_building Castle |
| 39:04 | Thundernips, The Ultimate Gigolo · wall_segment Stone Wall x5 |
| 39:22 | ZizKa · first_building Archery Range |
| 39:34 | Kinder · first_building Archery Range |
| 39:36 | VIT | Hera · age_up imperial |
| 39:43 | VIT | Hera · resign |
| 40:09 | Thundernips, The Ultimate Gigolo · wall_segment Stone Wall x6 |
| 40:47 | Thundernips, The Ultimate Gigolo · wall_segment Stone Wall x11 |
| 41:30 | Thundernips, The Ultimate Gigolo · wall_segment Stone Wall x1 |
[ AI ANALYSIS · 1 CREDIT ]
What really happened in this match?
Wolo.gg analyzes every decision: build order, eco, micro, common mistakes by bracket. Personalized analysis on WhatsApp or Discord in 30 seconds.
Civ guide
Dravidians
Perfil
Jugador #24008089